AoeStats
← Destroyer

Lombardia

509544931Analyzed
3v3 RM · 5d ago on Sep 27, 2026· 42m 29s· 6 players
Game mode
Random Map
Map size
Normal (6 player)
Population
200
Speed
Normal
Resources
Standard
Victory
Conquest
Starting age
Dark Age
Ending age
Imperial Age
RankedLock teamsTeams togetherTeam positionsShared explorationLock speedFull tech treeHidden civsTurbo modeCheats
Victory
Defeat
🇺🇸 Huns · United States
1307
+9
🇺🇸 Danes · United States
1159
+14
🇺🇸 Celts · United States
1159
+14
🇪🇨 Varangians · Ecuador
1143
-13
🇪🇨 Vikings · Ecuador
1123
-12
🇪🇨 Saxons · Ecuador
1120
-12
Frank_alv10
6:46 Loom
10:06 Feudal Age
10:32 Double-Bit Axe
12:18 Fletching
15:55 Padded Archer Armor
22:12 Castle Age
20:10 Horse Collar
21:16 Gold Mining
21:16 Stone Mining
22:23 Forging
22:13 Scale Mail Armor
22:02 Arson
22:25 Crossbowman
23:01 Bodkin Arrow
23:21 Leather Archer Armor
23:37 Bow Saw
24:46 Ballistics
24:43 Leather Archer Armor
33:29 Imperial Age
32:40 Heavy Plow
33:16 Gold Shaft Mining
32:45 Scale Mail Armor
33:20 Iron Casting
32:48 Squires
33:35 Town Watch
35:06 Bracer
36:11 Chemistry
37:21 Arbalester
M!(ke
7:05 Loom
9:42 Feudal Age
10:30 Double-Bit Axe
11:59 Town Watch
13:56 Double-Bit Axe
17:13 Fletching
19:14 Wheelbarrow
22:22 Castle Age
22:21 Padded Archer Armor
22:26 Crossbowman
23:03 Bodkin Arrow
25:38 Leather Archer Armor
26:50 Ballistics
27:32 Thumb Ring
29:05 Bow Saw
30:34 Hand Cart
30:50 Gold Mining
33:15 Horse Collar
38:14 Imperial Age
39:06 Bracer
38:41 Arbalester
39:01 Capped Ram
Destroyer
7:22 Loom
10:01 Feudal Age
10:30 Double-Bit Axe
10:29 Horse Collar
12:16 Bloodlines
16:22 Forging
19:15 Wheelbarrow
21:39 Castle Age
22:38 Scale Barding Armor
22:30 Gold Mining
23:03 Husbandry
23:13 Light Cavalry
26:50 Stone Mining
30:55 Hand Cart
31:19 Chain Barding Armor
36:19 Imperial Age
37:14 Hussar
Muley | xHolt45x
5:57 Loom
11:08 Feudal Age
17:20 Castle Age
15:32 Double-Bit Axe
20:18 Wheelbarrow
19:55 Bow Saw
19:40 Horse Collar
21:04 Heavy Plow
22:30 Hand Cart
22:01 Town Watch
24:08 Gold Mining
25:38 Scale Mail Armor
25:48 Forging
26:46 Chain Mail Armor
28:28 Iron Casting
33:32 Imperial Age
32:21 Fletching
33:37 Hamask
36:03 Conscription
35:22 Heavy Scorpion
Muley | killaclimb22
4:20 Loom
13:07 Feudal Age
16:56 Castle Age
21:50 Wheelbarrow
21:06 Double-Bit Axe
21:07 Horse Collar
22:23 Heavy Plow
23:27 Bow Saw
25:12 Gold Mining
25:41 Hand Cart
30:44 Gold Shaft Mining
31:30 Fortified Wall
32:33 Scale Mail Armor
33:38 Chain Mail Armor
37:09 Imperial Age
34:57 Forging
36:14 Iron Casting
38:19 Capped Ram
38:22 Elite Woad Raider
39:47 Plate Mail Armor
40:18 Blast Furnace
39:17 Siege Ram
40:49 Conscription
42:42 Siege Engineers
Muley | Angel Fire
10:40 Feudal Age
15:10 Castle Age
12:58 Double-Bit Axe
14:39 Horse Collar
16:28 Bow Saw
24:20 Loom
25:02 Bow Saw
25:57 Fletching
26:24 Gold Mining
27:46 Ballistics
29:09 Husbandry
29:14 Bodkin Arrow
29:24 Padded Archer Armor
31:30 Bloodlines
31:31 Heavy Plow
32:43 Wheelbarrow
32:36 Thumb Ring
36:10 Imperial Age
38:19 Chemistry
36:41 Heavy Cavalry Archer
37:47 Parthian Tactics
37:25 Bracer
37:54 Hand Cart
38:04 Caravan
38:24 Guilds
39:31 Town Watch
40:40 Conscription
Connection lost

Rejoining the realm…

Still unreachable

The connection could not be restored.

Session expired

The server has moved on; the page needs a fresh start.